 Dungeon Crawl Stone Soup version 0.26-a0-1132-ge9770dfcb6 (webtiles) character file.

Game seed: 11851848853862938504

47844 Dracia the Grappler (level 14, -16/219 HPs)
             Began as a Troll Monk on Dec 19, 2020.
             Demolished by Dissolution (43 damage)
             ... on level 2 of the Pits of Slime.
             The game lasted 00:29:19 (17457 turns).

Dracia the Grappler (Troll Monk)                   Turns: 17457, Time: 00:29:21

Health: -16/219    AC: 11    Str: 22    XL:     14   Next: 10%
Magic:  0/13       EV: 14    Int:  4    God:
Gold:   1429       SH: 11    Dex: 16    Spells: 13/13 levels left

rFire    + + +     SeeInvis .     - Unarmed
rCold    x . .     Faith    .   O - +0 kite shield
rNeg     . . .     Spirit   +   S - +0 fire dragon scales
rPois    .         Reflect  .   (helmet restricted)
rElec    .         Harm     .   I - +2 cloak {rF+}
rCorr    .         Rampage  .   (gloves unavailable)
Will     +....                  (boots unavailable)
Stlth    ..........             G - amulet of guardian spirit
HPRegen  0.86/turn              F - ring of protection from fire
MPRegen  0.13/turn              Y - +4 ring of slaying

@: berserking, corroded, very quick
A: large, unfitting armour, claws 3, talons 1, dopey 1, regeneration 1, shaggy
fur 1, tough skin 3, sturdy frame 1
a: no special abilities


You were on level 2 of the Pits of Slime.
You visited 3 branches of the dungeon, and saw 17 of its levels.
You also visited: Ossuary and Volcano.

You collected 1429 gold pieces.


Innate Abilities, Weirdness & Mutations

You are too large for most types of armour.
You have claws for hands.
Your natural rate of healing is unusually fast.
You are covered in fur. (AC +1)
You have extremely tough skin. (AC +3)
You have sharp toenails.
You are dopey. (Int -2)
Your movements are slightly less encumbered by armour. (ER -2)


   Skills:
 - Level 11.4 Fighting
 + Level 10.5 Dodging
 - Level 1.0 Stealth
 * Level 8.8 Shields
 + Level 14.9 Unarmed Combat
 - Level 4.0 Evocations


You had 13 spell levels left.
You didn't know any spells.
Your spell library contained the following spells:

 Spells                   Type           Power        Failure   Level
 Beastly Appendage        Tmut           0%           80%         1
 Magic Dart               Conj           0%           80%         1
 Sting                    Tmut/Pois      0%           80%         1
 Blink                    Tloc           N/A          90%         2
 Call Imp                 Summ           0%           90%         2
 Corpse Rot               Necr/Air       N/A          90%         2
 Poisonous Vapours        Pois/Air       0%           90%         2
 Searing Ray              Conj           0%           90%         2
 Slow                     Hex            0%           90%         2
 Wereblood                Tmut           0%           90%         2
 Conjure Flame            Conj/Fire      0%           99%         3
 Dazzling Flash           Conj/Hex       0%           99%         3
 Ignite Poison            Fire/Tmut/Pois 0%           99%         3
 Mephitic Cloud           Conj/Pois/Air  0%           99%         3
 Spider Form              Tmut/Pois      0%           99%         3
 Stone Arrow              Conj/Erth      0%           99%         3
 Fulminant Prism          Conj/Hex       0%           100%        4
 Ice Form                 Ice/Tmut       0%           100%        4
 Iskenderun's Mystic Bla  Conj/Tloc      0%           100%        4
 Olgreb's Toxic Radiance  Pois           0%           100%        4
 Blade Hands              Tmut           0%           100%        5
 Summon Forest            Summ/Tloc      0%           100%        5
 Eringya's Noxious Bog    Tmut/Pois      0%           100%        6
 Hydra Form               Tmut           0%           100%        6
 Summon Hydra             Summ           0%           100%        7

Inventory:

Hand Weapons
 L - a +0 arbalest of flaming
Missiles
 d - 3 throwing nets {=f=f}
 q - 59 poisoned darts (quivered)
 B - 10 curare-tipped darts {=f=f}
 K - 2 atropa-tipped darts
 M - 52 bolts
Armour
 u - +0 steam dragon scales
 z - a +1 robe of cold resistance
 A - a +2 cloak of fire resistance
 I - a +2 cloak of fire resistance (worn)
 O - a +0 kite shield (worn)
 S - +0 fire dragon scales (worn)
Jewellery
 g - an uncursed amulet of regeneration
 C - an uncursed ring of protection from cold
 F - a ring of protection from fire (left claw)
 G - an amulet of guardian spirit (around neck)
 R - an uncursed ring of protection from fire
 T - an uncursed amulet of faith {!P!P}
 W - an uncursed ring of magical power
 Y - a +4 ring of slaying (right claw)
Wands
 f - a wand of polymorph (34)
 k - a wand of random effects (37)
 l - a wand of disintegration (19)
 m - a wand of flame (13)
 n - a wand of iceblast (3)
 v - a wand of digging (10)
 J - a wand of enslavement (6)
Scrolls
 a - 2 scrolls of enchant weapon
 c - 5 scrolls of remove curse {@r2@r2}
 e - 4 scrolls of teleportation {@r4@r4}
 h - 10 scrolls of identify {@r1@r1}
 i - a scroll of magic mapping
 j - 3 scrolls of immolation
 o - 2 scrolls of fear
 p - 4 scrolls of amnesia
 y - a scroll of holy word
 E - 2 scrolls of fog
 H - 3 scrolls of blinking
 N - a scroll of torment
Potions
 b - 3 potions of attraction
 r - 3 potions of flight
 s - 6 potions of ambrosia
 t - 3 potions of curing {@q1@q1}
 w - a potion of berserk rage {!q!q}
 x - a potion of resistance
 P - 2 potions of might
 Q - a potion of cancellation
Miscellaneous
 D - a condenser vane

Dungeon Overview and Level Annotations

Branches:
Dungeon (9/15)             Temple (0/1) D:6            Lair (6/6) D:9
  Swamp (0/4) Lair:4       Spider (0/4) Lair:3        Slime (2/5) Lair:5
Ossuary (visited)         Volcano (visited)
    Orc: D:9-12

Altars:
Ashenzari
Cheibriados
Dithmenos
Kikubaaqudgha
Makhleb
Ru
Sif Muna
Trog
Yredelemnul

Annotations:
D:7 1 runed translucent door, Sassenached's ghost, novice DrWn
Lair:2 exclusion: oklob plant
Lair:3 exclusion: oklob plant
Slime:2 Dissolution

... .....
#... ....#
##..# ...#
#..G###..##
#...§.....##
#.<........#
#..G......#
#.§JG<..#
#..@G..##
#.....<....#
##........##
#....######
##..# ....
... ..


You could see Dissolution, a great orb of eyes (summoned), 2 shining eyes and an
eye of draining (summoned).


Message History

You completely miss Dissolution. You claw Dissolution, but do no damage.
Dissolution is moderately wounded.
You block Dissolution's attack. Dissolution barely misses you.
You claw Dissolution!
Your claws burn!
* * * LOW HITPOINT WARNING * * *
Dissolution is moderately wounded.
The great orb of eyes gazes at you. You resist with significant effort.
The golden eye blinks at you. You resist with almost no effort.
The eye of draining gazes at you.
You feel your power leaking away.
You claw Dissolution!
Your claws burn!
* * * LOW HITPOINT WARNING * * *
You claw Dissolution, but do no damage.
Dissolution is moderately wounded.
You claw Dissolution!
Your claws burn!
* * * LOW HITPOINT WARNING * * *
Dissolution is moderately wounded.
Dissolution misses you. You block Dissolution's attack.
The golden eye blinks!
The great orb of eyes bites you!
* * * LOW HITPOINT WARNING * * *
You claw Dissolution!
Your claws burn!
* * * LOW HITPOINT WARNING * * *
Dissolution is heavily wounded.
You mangle Dissolution!!
Your claws burn!
* * * LOW HITPOINT WARNING * * *
Dissolution is heavily wounded.
The golden eye blinks!
Dissolution hits you!!!
You die...

Skill      XL: |  1  2  3  4  5  6  7  8  9 10 11 12 13 |
---------------+----------------------------------------+-----
Fighting       | 3 4 5 7 9 10 11 | 11.4
Unarmed Combat | 4 5 6 7 8 10 12 13 14 | 14.9
Dodging        | 3 4 5 6 7 8 9 10 | 10.5
Evocations     | 1 3 4 |  4.0
Shields        | 5 8 |  8.8
Stealth        | |  1.0

Action                   |  1- 3 |  4- 6 |  7- 9 | 10-12 | 13-15 || total
-------------------------+-------+-------+-------+-------+-------++-------
Melee: Unarmed           |   136 |   182 |   253 |   537 |   279 ||  1387
       Punch             |     4 |     3 |     6 |    20 |       ||    33
       Kick              |       |       |    50 |   192 |   127 ||   369
Evoke: Wand              |       |       |       |     3 |    13 ||    16
       Condenser vane    |       |       |       |     1 |       ||     1
  Use: Potion            |       |       |    12 |    10 |     7 ||    29
       Scroll            |       |       |    11 |    12 |     7 ||    30
 Stab: Sleeping          |     2 |     1 |    12 |     2 |     1 ||    18
       Distracted        |       |     1 |       |     1 |       ||     2
       Invisible         |       |       |       |     3 |       ||     3
Armor: Robe              |    66 |    70 |    50 |   128 |     9 ||   323
       Skin              |       |       |       |     6 |       ||     6
       Steam dragon scal |       |       |       |       |    69 ||    69
       Fire dragon scale |       |       |       |       |    23 ||    23
Dodge: Dodged            |    78 |   103 |   128 |   323 |   179 ||   811
Block: Kite shield       |       |       |       |    74 |   126 ||   200

Levels and vault maps discovered:
D:1:      dpeg_arrival_subterranean_lakeside_camping, layout_loops_corners
D:2:      layout_basic, minmay_lizard_pond, uniq_jessica
D:3:      layout_rooms, chequers_ecumenical_altar_lobes, uniq_ijyb
D:4:      cheibrodos_helix_gallery, layout_loops_ring
D:5:      layout_loops_cross, yredelemnul_altar_generic, uniq_pikel
D:6:      layout_gridville, grunt_temple_overflow_open,
          gammafunk_temple_overflow_wave, minmay_temple_entry_proselytizer,
          uniq_crazy_yiuf_cottage
D:7:      layout_cave_pools, ebering_ghost_inner_flame, enter_ossuary_1,
          corexii_hall_statues_u
D:8:      kennysheep_kobold_camp, layout_rooms, basic_altar, uniq_erica,
          uniq_harold
D:9:      layout_roguey, minmay_lair_entry_grove, basic_altar
Lair:1:   layout_regular_city, st_stairs_9
Lair:2:   layout_long_grid, basic_altar, enter_volcano_3,
          minmay_lair_oklob_items, minmay_holes, gammafunk_lair_bear_cave,
          grunt_megastairs_3
Lair:3:   layout_roguey, nicolae_spider_entry_non_spiders, worms_lemuel,
          lemuel_fruit_fields, infiniplex_staircase_pool_2
Lair:4:   layout_gridlike, swamp_mist, serial_bayou_shore_b,
          serial_bayou_shore_a, grunt_megastairs_5
Lair:5:   layout_small_grid, slime_dummy, chequers_serial_rivers_micro_c,
          kennysheep_snail_temple
Lair:6:   wormcave, layout_regular_city, guppyfry_lair_end_dragon,
          fungi_pond_lemuel
Slime:1:  layout_caves
Slime:2:  layout_caves, nicolae_slime_barrier, dissolution_awaits

Notes
Turn   | Place    | Note
-------+----------+-------------------------------------------
     0 | D:1      | Dracia the Troll Monk began the quest for the Orb.
     0 | D:1      | Reached XP level 1. HP: 22/22 MP: 0/0
   214 | D:1      | Reached XP level 2. HP: 27/29 MP: 1/1
   829 | D:2      | Reached XP level 3. HP: 36/36 MP: 2/2
  1107 | D:2      | Noticed Jessica
  1113 | D:2      | Killed Jessica
  1114 | D:2      | Reached skill level 3 in Fighting
  1114 | D:2      | Reached skill level 4 in Unarmed Combat
  1114 | D:2      | Reached XP level 4. HP: 36/45 MP: 3/3
  1243 | D:2      | Reached skill level 3 in Dodging
  1476 | D:3      | Reached XP level 5. HP: 53/53 MP: 4/4
  1541 | D:3      | Noticed Ijyb
  1553 | D:2      | Paralysed by Ijyb for 7 turns
  1572 | D:2      | Killed Ijyb
  1724 | D:3      | Found a faded altar of an unknown god.
  1830 | D:3      | Reached skill level 5 in Unarmed Combat
  2048 | D:4      | Reached XP level 6. HP: 52/61 MP: 5/5
  2588 | D:4      | Reached skill level 6 in Unarmed Combat
  2588 | D:4      | Reached XP level 7. HP: 51/68 MP: 6/6
  2666 | D:4      | Reached skill level 4 in Fighting
  3029 | D:5      | Entered Level 5 of the Dungeon
  3053 | D:5      | Reached skill level 4 in Dodging
  3117 | D:5      | Found a basalt altar of Yredelemnul.
  3233 | D:5      | Noticed Pikel
  3260 | D:5      | Killed Pikel
  3261 | D:5      | Reached skill level 7 in Unarmed Combat
  3261 | D:5      | Reached XP level 8. HP: 53/79 MP: 7/7
  3430 | D:5      | Reached skill level 5 in Fighting
  3480 | D:5      | Reached skill level 8 in Unarmed Combat
  3562 | D:5      | Reached skill level 5 in Dodging
  3795 | D:5      | Identified a potion of resistance
  3908 | D:5      | Gained mutation: You have sharp toenails. [potion of
                  | mutation]
  3908 | D:5      | Gained mutation: Your movements are slightly less
                  | encumbered by armour. (ER -2) [potion of mutation]
  4249 | D:6      | Found a runed translucent door.
  4250 | D:6      | Noticed Crazy Yiuf
  4274 | D:6      | Found a snail-covered altar of Cheibriados.
  4276 | D:6      | Found a sacrificial altar of Ru.
  4278 | D:6      | Found a shimmering blue altar of Sif Muna.
  4278 | D:6      | Found a burning altar of Makhleb.
  4285 | D:6      | Found a staircase to the Ecumenical Temple.
  4425 | D:6      | Found a bloodstained altar of Trog.
  4425 | D:6      | Found an ancient bone altar of Kikubaaqudgha.
  4561 | D:6      | Reached XP level 9. HP: 88/88 MP: 8/8
  4766 | D:6      | Killed Crazy Yiuf
  4865 | D:7      | Identified a scroll of acquirement
  4865 | D:7      | Acquired a manual of Fighting
  4979 | D:7      | Found a runed translucent door.
  4980 | D:7      | Noticed Sassenached's ghost (novice DrWn)
  4985 | D:7      | Found a sand-covered staircase.
  4994 | Ossuary  | Entered an ossuary
  5143 | Ossuary  | Reached skill level 9 in Unarmed Combat
  5201 | Ossuary  | Reached skill level 6 in Fighting
  5422 | D:7      | Noticed a deep elf mage
  5619 | D:8      | Reached skill level 6 in Dodging
  5663 | D:8      | Reached skill level 10 in Unarmed Combat
  5777 | D:8      | Noticed Erica
  5788 | D:8      | Killed Erica
  5789 | D:8      | Reached skill level 7 in Fighting
  5790 | D:8      | Reached XP level 10. HP: 95/102 MP: 9/9
  5864 | D:8      | Noticed Harold
  5886 | D:8      | Killed Harold
  5887 | D:8      | Reached skill level 11 in Unarmed Combat
  6284 | D:8      | Found a broken altar of Ashenzari.
  6399 | D:8      | Reached skill level 8 in Fighting
  6673 | D:9      | Found a shadowy altar of Dithmenos.
  6982 | D:9      | Reached skill level 7 in Dodging
  7236 | D:9      | Found a staircase to the Lair.
  7241 | D:9      | Reached skill level 1 in Evocations
  7313 | D:9      | Reached skill level 9 in Fighting
  7549 | D:9      | Noticed a centaur warrior
  7559 | D:9      | Killed a centaur warrior
  7560 | D:9      | Reached skill level 12 in Unarmed Combat
  7560 | D:9      | Reached XP level 11. HP: 81/115 MP: 10/10
  7780 | Lair:1   | Entered Level 1 of the Lair of Beasts
  7788 | Lair:1   | Reached skill level 2 in Evocations
  9147 | Lair:2   | Reached skill level 8 in Dodging
  9185 | Lair:2   | Found a dark tunnel.
  9193 | Lair:2   | Reached skill level 3 in Evocations
  9207 | Volcano  | Entered a volcano
  9249 | Volcano  | Noticed a centaur warrior
  9254 | Volcano  | Found a radiant altar of Vehumet.
  9262 | Volcano  | Noticed a hell knight
  9266 | Volcano  | Killed a centaur warrior
  9267 | Volcano  | Reached skill level 10 in Fighting
  9269 | Volcano  | HP: 17/175 [centaur/arrow (1)]
  9271 | Volcano  | HP: 6/175 [centaur/arrow (7)]
  9272 | Volcano  | Killed a hell knight
  9273 | Volcano  | Reached skill level 13 in Unarmed Combat
  9881 | Lair:2   | Found an ancient bone altar of Kikubaaqudgha.
 10310 | Lair:2   | Noticed an oklob plant
 10418 | Lair:2   | Reached XP level 12. HP: 127/127 MP: 11/11
 10810 | Lair:3   | Reached skill level 4 in Evocations
 10997 | Lair:3   | Found a hole to the Spider Nest.
 11520 | Lair:4   | Found a staircase to the Swamp.
 11668 | Lair:4   | Reached skill level 1 in Shields
 11889 | Lair:4   | Reached skill level 11 in Fighting
 11889 | Lair:4   | Reached skill level 2 in Shields
 11919 | Lair:4   | HP: 13/195 [blink frog (17)]
 11925 | Lair:4   | Reached skill level 9 in Dodging
 11925 | Lair:4   | Reached skill level 3 in Shields
 11925 | Lair:4   | HP: 2/195 [blink frog (7)]
 12232 | Lair:4   | Reached skill level 4 in Shields
 12762 | Lair:5   | Found a staircase to the Slime Pits.
 12762 | Lair:5   | Noticed an eight-headed hydra
 12773 | Lair:4   | Reached skill level 5 in Shields
 12788 | Lair:4   | Reached skill level 14 in Unarmed Combat
 12790 | Lair:4   | Killed a nine-headed hydra
 12791 | Lair:4   | Reached XP level 13. HP: 36/137 MP: 5/12
 13548 | Lair:5   | Found a snail-covered altar of Cheibriados.
 13981 | Lair:6   | Entered Level 6 of the Lair of Beasts
 14200 | Lair:6   | Reached skill level 6 in Shields
 14358 | Lair:6   | HP: 8/137 [black mamba (8)]
 14367 | Lair:6   | HP: 6/137 [black mamba (7)]
 14976 | Lair:6   | Found the +10 Black Knight's barding {ponderous, rPois rN+}
 15095 | Lair:6   | Reached skill level 10 in Dodging
 15095 | Lair:6   | Reached skill level 7 in Shields
 15485 | Lair:6   | Found a runed translucent door.
 15486 | Lair:6   | Noticed a fire dragon
 15530 | Lair:6   | Paralysed by a hornet for 3 turns
 15891 | Lair:6   | Paralysed by a hornet for 3 turns
 15908 | Lair:6   | HP: 13/137 [hornet (8)]
 15913 | Lair:6   | Reached skill level 8 in Shields
 15921 | Lair:6   | HP: 19/205 [lindwurm (3)]
 15926 | Lair:6   | HP: 12/137 [poisoned by a hornet]
 16377 | Lair:6   | Noticed a fire dragon
 16393 | Lair:6   | Killed a fire dragon
 16946 | Lair:6   | Killed a fire dragon
 17138 | Slime:1  | Entered Level 1 of the Pits of Slime
 17140 | Slime:1  | Reached XP level 14. HP: 146/146 MP: 13/13
 17202 | Slime:1  | Noticed an azure jelly
 17219 | Slime:1  | Killed an azure jelly
 17441 | Slime:2  | Noticed Dissolution
 17449 | Slime:2  | Gained mutation: You are dopey. (Int -2) [a shining eye]
 17457 | Slime:2  | Demolished by Dissolution

Vanquished Creatures
  An azure jelly (Slime:1)
  2 fire dragons (Lair:6)
  A great orb of eyes (Slime:1)
  Harold (D:8)
  2 hydras
  A catoblepas (Lair:6)
  2 centaur warriors
  Erica (D:8)
  4 death yaks (Lair:6)
  A hell knight (Volcano)
  2 lindwurms (Lair:6)
  A swamp dragon (Lair:6)
  Pikel (D:5)
  13 cane toads
  12 elephants (Lair:4)
  An eye of devastation (Slime:2)
  A black mamba (Lair:6)
  8 torpor snails
  7 rime drakes
  8 komodo dragons
  A yaktaur (Volcano)
  3 tyrant leeches (Lair:6)
  8 hornets (Lair:6)
  3 polar bears
  16 blink frogs
  3 slime creatures (Slime:1)
  2 wraiths (Ossuary)
  A vampire (D:9)
  6 wyverns
  26 yaks
  6 basilisks
  2 steam dragons (Lair:6)
  An acid dragon (Lair:6)
  2 swamp worms (Lair:3)
  13 water moccasins
  2 hell hounds (Lair:2)
  5 black bears
  An ice beast (D:8)
  An eye of draining (Slime:1)
  4 sky beasts
  A phantom (D:8)
  5 ogres
  A swamp drake (Lair:6)
  6 wolves
  9 centaurs
  2 big kobolds
  10 bullfrogs
  3 scorpions
  7 wights
  3 killer bees (D:8)
  A howler monkey (D:6)
  3 electric eels (Lair:4)
  A bullfrog zombie (D:5)
  2 hounds
  3 jellies
  A quasit (D:8)
  3 orc priests
  9 orc wizards
  Crazy Yiuf (D:6)
  Jessica (D:2)
  A centaur skeleton (D:9)
  4 iguanas
  10 worker ants
  Ijyb (D:2)
  6 hell rats
  A hound skeleton (D:6)
  A worker ant zombie (D:5)
  12 adders
  4 gnolls (D:6)
  A shadow imp (D:6)
  2 white imps
  4 ufetubi
  An ooze (D:2)
  An adder zombie (D:8)
  2 adder skeletons
  8 worms
  A dart slug (D:1)
  4 leopard geckos
  33 orcs
  8 giant cockroaches
  8 goblins
  8 hobgoblins
  2 jackals (D:3)
  29 kobolds
  8 quokkas
  2 ball pythons
  9 bats
  14 frilled lizards
  2 hobgoblin skeletons (Ossuary)
  A hobgoblin zombie (Ossuary)
  A jackal skeleton (D:4)
  2 kobold zombies (Ossuary)
  A leopard gecko skeleton (D:4)
  3 orc skeletons (Ossuary)
  2 orc zombies (Ossuary)
  A quokka skeleton (D:4)
  13 rats
  A plant (Lair:6)
460 creatures vanquished.

Vanquished Creatures (others)
  A kobold (D:9)
  14 fungi
  67 plants
82 creatures vanquished.

Grand Total: 542 creatures vanquished

Table legend: (Time is in decaauts)
 A = Elapsed time spent in this place.
 B = Non-inter-level travel time spent in this place.
 C = Inter-level travel time spent in this place.
 D = Time resting spent in this place.
 E = Time spent auto-exploring this place.
 F = Levels seen in this place.
 G = Mean time per level.
                   A        B        C        D        E       F      G
               +--------+--------+--------+--------+--------+-----+--------+
         Total |  17348 |  16857 |    491 |   3544 |  10360 |  19 |  913.1 |
       Dungeon |   7409 |   7176 |    233 |    805 |   4881 |   9 |  823.2 |
          Lair |   8924 |   8666 |    258 |   2387 |   5158 |   6 | 1487.3 |
    Slime Pits |    305 |    305 |      0 |    105 |    121 |   2 |  152.5 |
       Ossuary |    270 |    270 |      0 |      0 |    139 |   1 |  270.0 |
       Volcano |    437 |    437 |      0 |    246 |     60 |   1 |  437.0 |
               +--------+--------+--------+--------+--------+-----+--------+

Top non-repeatable levels by time:
  Lair:6: 2615 daAuts
  Lair:5: 1532 daAuts
  Lair:4: 1494 daAuts
  Lair:1: 1316 daAuts
     D:9: 1122 daAuts
     D:5: 1119 daAuts
  Lair:2: 1005 daAuts
     D:8: 1000 daAuts
     D:4: 983 daAuts
  Lair:3: 961 daAuts
     D:1: 784 daAuts
     D:2: 668 daAuts
     D:6: 649 daAuts
     D:3: 574 daAuts
     D:7: 506 daAuts

Table legend:
 A = Non-vault XP
 B = Vault XP
 C = Vault XP percentage of total XP
 D = Non-vault monster count
 E = Vault monster count
 F = Vault count percentage of total count
                 A         B        C        D         E       F
            +---------+---------+-------+---------+---------+-------
      Total |   41710 |   26639 |  39.0 |     310 |     149 |  32.5
            +---------+---------+-------+---------+---------+-------
        D:1 |      21 |       9 |  30.0 |      13 |       6 |  31.6
        D:2 |      89 |      83 |  48.3 |      26 |      12 |  31.6
        D:3 |     132 |       0 |   0.0 |      29 |       0 |   0.0
        D:4 |     474 |       0 |   0.0 |      29 |       0 |   0.0
        D:5 |     722 |     607 |  45.7 |      20 |       1 |   4.8
        D:6 |     624 |      80 |  11.4 |      19 |       2 |   9.5
        D:7 |     435 |       0 |   0.0 |      10 |       0 |   0.0
        D:8 |    1124 |    2020 |  64.2 |      23 |      23 |  50.0
        D:9 |    2169 |    2153 |  49.8 |      30 |      13 |  30.2
     Lair:1 |    3284 |     347 |   9.6 |      13 |       2 |  13.3
     Lair:2 |    2064 |    2218 |  51.8 |       9 |      10 |  52.6
     Lair:3 |    1379 |     426 |  23.6 |       7 |      10 |  58.8
     Lair:4 |   11623 |    2675 |  18.7 |      36 |      12 |  25.0
     Lair:5 |    2205 |    1211 |  35.5 |       9 |       3 |  25.0
     Lair:6 |   11354 |   11529 |  50.4 |      30 |      33 |  52.4
    Slime:1 |    3594 |       0 |   0.0 |       6 |       0 |   0.0
    Slime:2 |     417 |       0 |   0.0 |       1 |       0 |   0.0
    Ossuary |       0 |     559 | 100.0 |       0 |      14 | 100.0
    Volcano |       0 |    2722 | 100.0 |       0 |       8 | 100.0
            +---------+---------+-------+---------+---------+-------
